Map: Sueño eterno EE

Players

MechNCheese - Winner!

  • Race: Protoss Protoss
  • League: Gold
  • Spawn Location: 1:00

MrFercho

  • Race: Zerg Zerg
  • League: Silver
  • Spawn Location: 7:00

VOD

Have the link to the VOD?

Description

Time

  • Played on: July 5, 2020, 8:47 p.m.
  • Length: 11:04
Show
View Real Time Build Order
Export as new Build Order

MechNCheese Protoss - Winner!

Build Orders:  

Get SALT Encoding   

  12  0:00  Probe  
  13  0:13  Probe  
  14  0:19  Pylon  
  14  0:25  Probe  
  15  0:37  Probe  
  15  0:42  Gateway  
  16  0:49  Probe  
  17  0:50  Assimilator  
  17  1:01  Probe  
  18  1:14  Gateway  
  18  1:19  Probe  
  19  1:29  Cybernetics Core  
  19  1:39  Probe  
  20  1:48  Probe  
  20  1:51  Nexus  
  20  1:53  Warp Gate  
  21  2:00  Stalker  
  21  2:05  Assimilator  
  23  2:21  Pylon  
  23  2:39  Stalker, Probe  
  26  2:51  Probe  
  27  3:00  Pylon  
  27  3:03  Probe  
  28  3:06  Stalker  
  30  3:15  Probe  
  30  3:20  Probe  
  30  3:26  Pylon  
  31  3:33  Probe  
  32  3:44  Gateway  
  32  3:51  Robotics Facility  
  32  3:54  Probe  
  33  3:58  Stalker x2  
  37  4:05  Probe  
  38  4:22  Nexus  
  38  4:28  Probe  
  39  4:31  Sentry x2  
  39  4:36  Probe  
  44  4:39  Pylon  
  44  4:43  Pylon  
  44  4:44  Immortal  
  44  4:49  Probe  
  49  5:01  Probe  
  49  5:02  Forge x2  
  50  5:08  Probe  
  50  5:12  Stalker, Probe  
  53  5:16  Probe  
  53  5:21  Probe  
  56  5:31  Gateway  
  56  5:32  Gateway  
  56  5:37  Stalker  
  56  5:38  Protoss Ground Armor Level 1, Protoss Ground Weapons Level 1  
  56  5:40  Probe  
  56  5:42  Probe  
  60  5:44  Probe  
  61  5:52  Stalker, Probe  
  61  5:54  Probe  
  61  5:56  Probe  
  66  6:17  Twilight Council  
  66  6:18  Probe  
  67  6:19  Gateway  
  67  6:22  Immortal  
  67  6:26  Pylon  
  67  6:28  Probe  
  72  6:45  Stalker  
  74  6:48  Probe x3  
  74  6:49  Stalker x3  
  74  6:54  Assimilator  
  83  7:00  Probe  
  84  7:03  Immortal  
  88  7:11  Gateway, Pylon  
  88  7:17  Stalker x3  
  88  7:20  Probe  
  88  7:21  Probe x2  
  97  7:27  Charge  
  97  7:30  Pylon  
  97  7:33  Probe x2  
  97  7:34  Pylon, Zealot  
  101  7:37  Pylon  
  101  7:42  Probe  
  102  7:45  Probe x2  
  104  7:54  Assimilator, Probe  
  104  7:55  Assimilator  
  104  7:57  Probe x2  
  107  8:02  Immortal  
  107  8:06  Probe  
  107  8:07  Protoss Ground Weapons Level 2  
  107  8:09  Probe x2  
  114  8:21  Stalker  
  114  8:22  Stalker  
  114  8:26  Assimilator  
  118  8:32  Pylon  
  118  8:35  Nexus  
  118  8:38  Zealot x4  
  118  8:40  Immortal  
  130  8:56  Probe  
  130  8:58  Probe  
  130  9:14  Stalker x3  
  130  9:15  Stalker x2  
  140  9:22  Gateway  
  140  9:24  Gateway  
  140  9:26  Gateway  
  106  10:23  Probe  
  107  10:29  Stalker x4  
  107  10:30  Stalker x4  
  107  10:31  Stalker  
Show
View Real Time Build Order
Export as new Build Order

MrFercho Zerg 

Build Orders: Hatch First, Roach Hydra 

Get SALT Encoding   

  12  0:01  Drone  
  13  0:12  Overlord  
  13  0:16  Drone  
  14  0:31  Drone x2  
  14  0:35  Drone  
  17  0:45  Drone  
  18  0:58  Hatchery  
  18  1:03  Drone  
  18  1:14  Spawning Pool  
  18  1:17  Drone  
  18  1:25  Drone  
  19  1:29  Drone  
  20  1:40  Drone  
  20  1:43  Extractor  
  20  2:01  Queen  
  20  2:03  Overlord  
  22  2:11  Drone x2  
  22  2:13  Queen  
  22  2:14  Drone  
  27  2:27  Drone x2  
  29  2:39  Drone x2  
  31  2:46  Drone x2  
  31  2:50  Lair  
  33  2:53  Queen  
  35  3:03  Roach Warren, Drone x2  
  36  3:25  Overlord x2  
  36  3:35  Evolution Chamber  
  36  3:38  Extractor, Drone x2  
  36  3:39  Extractor, Overlord x3  
  36  3:40  Overlord  
  35  3:42  Drone  
  36  3:49  Drone x2  
  36  3:50  Drone x3  
  41  4:00  Drone x5  
  41  4:02  Glial Reconstitution, Zerg Missile Weapons Level 1  
  46  4:27  Hydralisk Den, Drone x7  
  52  4:47  Roach x6  
  64  4:55  Hatchery  
  63  5:09  Grooved Spines  
  63  5:11  Roach  
  65  5:45  Spore Crawler  
  64  5:53  Spine Crawler  
  64  5:55  Overseer, Spine Crawler  
  62  6:01  Hydralisk  
  62  6:02  Hydralisk x3  
  70  6:05  Roach  
  70  6:06  Roach x5  
  70  6:07  Overlord x3  
  70  6:08  Overlord  
  82  6:21  Muscular Augments  
  82  6:23  Extractor  
  81  7:25  Overlord x4  
  81  7:29  Drone x13  
  95  7:30  Drone  
  95  7:44  Extractor  
  94  7:52  Lurker Den  
  93  7:59  Hatchery  
  92  8:13  Overlord x3  
  92  8:14  Overlord x4  
  92  8:15  Overlord x2  
  92  8:24  Extractor  
  91  8:36  Infestation Pit  
  91  8:39  Drone  
  91  8:40  Drone x5  
  96  9:19  Drone x2  
  96  9:20  Drone  
  96  9:22  Drone  
  100  9:29  Hydralisk x5  
  100  9:30  Hydralisk x7  
  121  9:48  Spine Crawler  
  121  9:51  Spine Crawler  
  96  9:53  Spine Crawler, Pneumatized Carapace  
  96  9:54  Hydralisk x10  
  97  10:10  Hydralisk x5  
  95  10:15  Hatchery  
  84  10:24  Hydralisk x5  
  76  10:32  Hydralisk x4  
Tags
 
Composition
Roach Hydra
Matchup
PvZ
Replay Pack
MrFercho
Spawn Locations
Cross Positions
Add a new tag
Caveats
  • Supply blocks, unpowered buildings, or Contaminate may cause inaccurate times.
  • Supply counts are checked every 10 seconds.